 Dungeon Crawl Stone Soup version 0.28.0-47-ge53b351184 (webtiles) character file.

Game seed: 16561351706867059067

37 NinjaNoafa the Skirmisher (level 3, -1/33 HPs)
             Began as a Minotaur Monk on Apr 27, 2022.
             Slain by Sigmund
             ... wielding a +1 scythe of venom
              (13 damage)
             ... on level 3 of the Dungeon.
             The game lasted 00:02:34 (1697 turns).

NinjaNoafa the Skirmisher (Minotaur Monk)           Turns: 1697, Time: 00:02:35

Health: -1/33      AC:  6    Str: 17    XL:     3   Next: 21%
Magic:  2/2        EV: 12    Int:  7    God:
Gold:   84         SH:  0    Dex: 18    Spells: 2/2 levels left

rFire   + . .      SeeInvis .   a - +0 falchion
rCold   + . .      Faith    .   (no shield)
rNeg    . . .      Spirit   .   g - +0 ring mail
rPois   +          Reflect  .   (helmet restricted)
rElec   +          Harm     .   (no cloak)
rCorr   +          Rampage  .   j - +0 pair of gloves
Will    .....                   (no boots)
Stlth   +.........              (no amulet)
HPRegen 0.11/turn               n - +6 ring of dexterity
MPRegen 0.08/turn               (no ring)

@: resistant, attractive
A: horns 2, retaliatory headbutt
a: no special abilities


You were on level 3 of the Dungeon.
You visited 1 branch of the dungeon, and saw 3 of its levels.

You collected 84 gold pieces.

Inventory:

Hand Weapons
 a - a +0 falchion (weapon)
 k - a +0 hunting sling of flaming
Missiles
 o - 3 poisoned darts (quivered)
Armour
 g - a +0 ring mail (worn)
 j - a +0 pair of gloves (worn)
 m - the +0 robe "Ismevoa" {rC+}
   (You found it on level 2 of the Dungeon)

   rC:        It protects you from cold.
Jewellery
 n - a +6 ring of dexterity (left hand)
Scrolls
 f - a scroll of identify
 h - a scroll of fear
 i - a scroll of enchant armour {unknown}
 l - a scroll of teleportation {unknown}
Potions
 b - a potion of resistance


   Skills:
 + Level 4.2 Fighting
 - Level 3.6 Long Blades
 * Level 2.9 Armour
 - Level 3.2 Dodging
 - Level 1.5 Stealth


You had 2 spell levels left.
You didn't know any spells.
Your spell library was empty.

Dungeon Overview and Level Annotations

Branches:
Dungeon (3/15)

Altars:
Yredelemnul

Shops:
D:1 !:

Annotations:
D:3 Sigmund


Innate Abilities, Weirdness & Mutations

You have a pair of horns on your head.
You reflexively headbutt those who attack you in melee.


Message History

You're already wearing that ring!
Things that are here:
a +0 dagger; 3 poisoned darts; a kobold corpse
o - 3 poisoned darts
Okay, then.
You remove your +6 ring of dexterity.
You feel clumsy.
HP restored.
Found an escape hatch in the floor.
There is an escape hatch in the floor here.
Found a hunting sling.
Sigmund the Dreaded comes into view.
He is wielding a +1 scythe of venom.
Sigmund shouts!
Sigmund gestures at you while chanting. You resist with significant effort.
You feel agile.
n - a +6 ring of dexterity (left hand) It was a potion of resistance.
You feel protected.
It was a potion of attraction.
You feel attractive to monsters. Sigmund is attracted toward you.
It was a potion of ambrosia.
You are confused.
You feel invigorated.
Sigmund drinks a potion.
Sigmund seems to grow stronger.
It was a potion of magic.
Magic courses through your body. Sigmund misses you.
Sigmund is attracted toward you.
You feel less invigorated.
You feel less confused.
Sigmund gestures wildly while chanting.
Sigmund flickers and vanishes!
Deactivating autopickup; reactivate with Ctrl-A.
Something hits you.
You slash something! Something hits you!!
Ouch! That really hurt!
As you read the scroll labelled NOTHRI WOYGI, it crumbles to dust.
It is a scroll of identify.
h - a scroll of fear Something hits you!
You die...

#.........# #.#
##.##.###.# #.# #.##>###.#
##'## #........# ##...##
####.##### ##.....##
#.#.## ##.......##
########....####.........#
........{.)....+......<..'
###.####.@..####.........#
#.#..# ##.......## #..##.#
##.....## #.## .# ##...##
#. .# ##+# #. # .. #


There were no monsters in sight!

Vanquished Creatures
  A dart slug (D:1)
  3 bats (D:1)
  4 endoplasms
  5 hobgoblins
  4 jackals (D:1)
  4 kobolds
  2 quokkas (D:1)
  3 ball pythons (D:1)
  5 rats
31 creatures vanquished.

Vanquished Creatures (others)
  A plant (D:1)
1 creature vanquished.

Grand Total: 32 creatures vanquished

Notes
Turn   | Place    | Note
-------+----------+-------------------------------------------
     0 | D:1      | NinjaNoafa the Minotaur Monk began the quest for the Orb.
     0 | D:1      | Reached XP level 1. HP: 19/19 MP: 0/0
    25 | D:1      | Found Itoredgh's Distillery.
    36 | D:1      | Reached skill level 1 in Armour
   229 | D:1      | Found a faded altar of an unknown god.
   238 | D:1      | Reached XP level 2. HP: 19/27 MP: 1/1
   399 | D:1      | Reached skill level 4 in Fighting
   781 | D:1      | Found Kyczeo's Book Boutique.
   856 | D:1      | Reached XP level 3. HP: 22/33 MP: 2/2
  1118 | D:2      | Found a basalt altar of Yredelemnul.
  1465 | D:2      | Identified the +0 robe "Ismevoa" {rC+}
  1685 | D:3      | Noticed Sigmund
  1697 | D:3      | Slain by Sigmund

Illustrated notes

Levels and vault maps discovered:
D:1:      amcnicky_arrival_feature_with_door, layout_basic,
          dreamdust_ecumenical_altar_grove, serial_shops,
          nicolae_shop_statue_plus, nicolae_shop_behind_doors,
          minmay_tiny_reverse_x
D:2:      layout_basic, basic_altar
D:3:      layout_loops_corners, uniq_sigmund

Skill      XL: |  1  2 |
---------------+-------+-----
Armour         | 1 2 |  2.9
Fighting       | 4 |  4.2
Long Blades    | |  3.6
Dodging        | |  3.2
Stealth        | |  1.5

Action                   || total
-------------------------++-------
Melee: Falchion          ||    58
       Headbutt          ||    15
  Use: Potion            ||     4
       Scroll            ||     1
 Stab: Sleeping          ||     4
Armor: Robe              ||     7
       Ring mail         ||    14
Dodge: Dodged            ||    56
